 Dungeon Crawl Stone Soup version 0.29.1-2-gbd0b4ee654 (webtiles) character file.

Game seed: 12475521541713161027

65 xian the Firebug (level 3, 0/11 (14) HPs)
             Began as a Felid Fire Elementalist on Oct 29, 2022.
             Slain by an endoplasm (3 damage)
             ... on level 2 of the Dungeon.
             The game lasted 00:04:50 (2484 turns).

xian the Firebug (Felid Fire Elementalist)          Turns: 2484, Time: 00:04:50

HP:   0/11 (14)     AC:  1    Str:  4    XL:     3   Next: 94%
MP:   4/7           EV: 17    Int: 18    God:
Gold: 163           SH:  5    Dex: 16    Spells: 4/7 levels left
                                        Lives: 0   Deaths: 0

rFire   . . .      SeeInvis +   (weapon unavailable)
rCold   . . .      Faith    .   (shield unavailable)
rNeg    . . .      Spirit   .   (body armour unavailable)
rPois   .          Reflect  +   (helmet unavailable)
rElec   .          Harm     .   (cloak unavailable)
rCorr   .          Rampage  .   (gloves unavailable)
Will    .....                   (boots unavailable)
Stlth   ++........              l - amulet of reflection
HPRegen 0.03/turn               (no ring)
MPRegen 0.10/turn               (no ring)

@: heavily drained, quick
A: very small, claws 1, fangs 3, see invisible, speed 1, shaggy fur 1, stealthy
paws, no weapons or thrown items, no armour, multi-lived
a: no special abilities


You were on level 2 of the Dungeon.
You visited 1 branch of the dungeon, and saw 2 of its levels.

You collected 163 gold pieces.

Inventory:

Jewellery
 l - an amulet of reflection (around neck)
Scrolls
 b - 2 scrolls of immolation
 g - a scroll of silence
 j - a scroll of blinking {unknown}
 k - a scroll of amnesia
Potions
 a - a potion of magic
 c - a potion of berserk rage {unknown}
 d - a potion of ambrosia {unknown}
 e - a potion of might {unknown}
 f - 2 potions of brilliance {unknown}
 h - a potion of attraction {unknown}
 i - 3 potions of haste {unknown}


   Skills:
 + Level 2.9 Dodging
 + Level 3.0 Stealth
 + Level 0.1 Unarmed Combat
 + Level 2.6 Spellcasting
 + Level 1.4 Conjurations
 + Level 3.5 Fire Magic


You had 4 spell levels left.
You knew the following spells:

 Your Spells              Type           Power      Damage    Failure   Level
a - Foxfire               Conj/Fire      44%        2x1d6     6%          1
b - Scorch                Fire           30%        2d6       6%          2

Your spell library contained the following spells:

 Spells                   Type           Power      Damage    Failure   Level
 Conjure Flame            Conj/Fire      11%        6-21      19%         3
 Inner Flame              Hex/Fire       8%         N/A       24%         3
 Flame Wave               Conj/Fire      11%        2d6       52%         4
 Blade Hands              Tmut           1%         N/A       99%         5
 Iron Shot                Conj/Erth      2%         9d2       100%        6
 Animate Armour           Summ/Erth      Unusable   N/A       N/A         4

Dungeon Overview and Level Annotations

Branches:
Dungeon (2/15)

Altars:

Shops:
D:1 *==[


Innate Abilities, Weirdness & Mutations

You have sharp claws.
You have razor-sharp teeth.
You have supernaturally acute eyesight. (SInv)
You cover ground quickly. (Speed+)
You are covered in fur. (AC +1)
Your paws help you pounce on unaware monsters.
You are incapable of wielding weapons or throwing items.
You cannot wear armour.
You gain extra lives every three experience levels.


Message History

You scratch the kobold but do no damage.
The kobold is severely wounded.
You block the kobold's attack.
You scratch the kobold.
You kill the kobold!
Unknown command.
Things that are here:
a +1 short sword of draining; a kobold corpse
m - a +1 short sword of draining You drop a +1 short sword of draining.
A ball python comes into view.
The ball python moves out of view.
You are too injured to fight recklessly!
You are too injured to fight recklessly!
Casting: Foxfire (safe; 6% risk of failure)
Confirm with . or Enter, or press ? or * to list all spells.
You conjure some foxfire!
Unknown command.
Your foxfire dissipates!
The foxfire hits the worm but does no damage.
The ball python hisses angrily.
You closely miss the ball python. The ball python barely misses you.
The ball python grabs you. The ball python constricts you.
* * * LOW HITPOINT WARNING * * *
You scratch the ball python.
The ball python is moderately wounded.
The ball python misses you. The ball python constricts you.
* * * LOW HITPOINT WARNING * * *
You scratch the ball python.
You kill the ball python!
You are too injured to fight recklessly!
You are too injured to fight recklessly!
You are too injured to fight recklessly!
You start resting.
A worm is nearby!
An endoplasm comes into view.
You scratch the endoplasm. You bite the endoplasm.
The endoplasm is severely wounded.
The endoplasm hits you.
You die...

.....######.#.##.......#
#...... .#####
##.##.#.##.##...####......
.#
##.#.##.#.####.....##....##
.# ##.#.#.##.#.#
##.#....###.# .#
##.#.#.#.##.#.#
#......###.## .#
##.#.###.#.##.#.
#............ .###.#.##
##.#.## ##.....###.##
.##.#.## ##.#.##
##.......... ##w#.## ##.#@#
###...##.## #.#.## ##.#J#
#.......# .#.## ##.#.#
##....... #.#.## .#.##
#..##.... ##.#.## #.##
#.#...... ##.#.## #.##
#...####. ####.#.## .#
##..# ## ...##w#.## ## #..#
# ##.###.#.## ########..# #


You could see an endoplasm.

Vanquished Creatures
  Jessica (D:2)
  An adder (D:2)
  A dart slug (D:1)
  5 endoplasms
  2 giant cockroaches (D:1)
  2 hobgoblins (D:1)
  4 ball pythons
  3 bats
  3 goblins (D:1)
  4 kobolds
  A rat (D:2)
  A spectral hobgoblin (D:1)
28 creatures vanquished.

Vanquished Creatures (others)
  114 foxfires
114 creatures vanquished.

Grand Total: 142 creatures vanquished

Notes
Turn   | Place    | Note
-------+----------+-------------------------------------------
     0 | D:1      | xian the Felid Fire Elementalist began the quest for the
                  | Orb.
     0 | D:1      | Reached XP level 1. HP: 7/7 MP: 4/4
    30 | D:1      | Found Cihoweed's General Store.
   256 | D:1      | Found Reawk's Jewellery Shop.
   277 | D:1      | Found Xuugitur's Jewellery Shoppe.
   429 | D:1      | Reached skill level 1 in Conjurations
   429 | D:1      | Reached XP level 2. HP: 11/11 MP: 1/6
   748 | D:1      | Found Gutwyt's Antique Armour Shop.
  1038 | D:1      | Learned a level 2 spell: Scorch
  1049 | D:1      | Found a faded altar of an unknown god.
  1400 | D:2      | Reached XP level 3. HP: 14/14 MP: 2/7
  1534 | D:2      | Noticed Jessica
  1540 | D:2      | Killed Jessica
  2050 | D:2      | Identified the +1 robe "Rossaofe" {Str+3}
  2484 | D:2      | Slain by an endoplasm

Illustrated notes

Levels and vault maps discovered:
D:1:      dpeg_arrival_rooms_with_view, layout_loops_cross, serial_shops,
          nicolae_shop_trees, nicolae_shop_statue_plus, shop, shop_coins,
          dreamdust_ecumenical_altar_drowned_temple, minmay_tetromino_i4
D:2:      minmay_inner_zag, layout_basic, uniq_jessica

Skill      XL: |  1  2 |
---------------+-------+-----
Stealth        | 3 |  3.0
Conjurations   | 1 |  1.4
Fire Magic     | 3 |  3.5
Dodging        | |  2.9
Unarmed Combat | |  0.1
Spellcasting   | |  2.6

Action                   || total
-------------------------++-------
Melee: Unarmed           ||    29
       Bite              ||     7
 Cast: Foxfire           ||    86
  Use: Scroll            ||     4
Dodge: Dodged            ||    17
Block: Other             ||     4
